 Dungeon Crawl Stone Soup version 0.29.1-15-g9cfb28693d (webtiles) character file.

Game seed: 1781514392567119839

86 Peloso the Covered (level 4, -5/40 HPs)
             Began as a Minotaur Fighter on Mar 23, 2023.
             Slain by Grinder (7 damage)
             ... on level 3 of the Dungeon.
             The game lasted 00:03:27 (1818 turns).

Peloso the Covered (Minotaur Fighter)               Turns: 1818, Time: 00:03:28

Health: -5/40      AC:  7    Str: 17 (20) XL:     4   Next: 27%
Magic:  0/3        EV:  9    Int:  3 (5)  God:
Gold:   104        SH:  4    Dex: 10 (12) Spells: 3/3 levels left

rFire   . . .      SeeInvis .   a - +0 long sword
rCold   . . .      Faith    .   c - +0 buckler
rNeg    . . .      Spirit   +   b - +0 scale mail
rPois   .          Reflect  .   (helmet restricted)
rElec   .          Harm     .   (no cloak)
rCorr   .          Rampage  .   (no gloves)
Will    .....                   (no boots)
Stlth   ..........              f - amulet of guardian spirit
HPRegen 0.13/turn               (no ring)
MPRegen 0.08/turn               (no ring)

@: brilliant
A: horns 2, retaliatory headbutt
a: no special abilities


You were on level 3 of the Dungeon.
You visited 1 branch of the dungeon, and saw 3 of its levels.

You collected 104 gold pieces.

Inventory:

Hand Weapons
 a - a +0 long sword (weapon)
Armour
 b - a +0 scale mail (worn)
 c - a +0 buckler (worn)
Jewellery
 f - an amulet of guardian spirit (around neck)
Scrolls
 g - 2 scrolls of teleportation
 j - a scroll of enchant weapon
 k - a scroll of blinking {unknown}
 l - a scroll of enchant armour {unknown}
 m - 3 scrolls of immolation
 n - a scroll of amnesia {unknown}
Potions
 d - 2 potions of might
 e - a potion of magic


   Skills:
 + Level 4.1 Fighting
 + Level 3.7 Long Blades
 + Level 4.4 Armour
 + Level 0.7 Dodging
 + Level 4.3 Shields


You had 3 spell levels left.
You didn't know any spells.
Your spell library contained the following spells:

 Spells                   Type           Power      Damage    Failure   Level
 Apportation              Tloc           0%         N/A       95%         1
 Necrotise                Necr           0%         1d4       95%         1
 Summon Small Mammal      Summ           0%         N/A       95%         1


Dungeon Overview and Level Annotations

Branches:
Dungeon (3/15)

Altars:

Annotations:
D:3 Grinder


Innate Abilities, Weirdness & Mutations

You have a pair of horns on your head.
You reflexively headbutt those who attack you in melee.


Message History

The bat hits you but does no damage.
You hit the bat.
You kill the bat!
Grinder closely misses you.
Grinder zaps a wand.
The puff of flame misses you.
You barely miss Grinder. Grinder gestures at you.
Pain shoots through your body! The worm barely misses you.
You closely miss Grinder. Grinder gestures at you.
You suddenly lose the ability to move!
The worm bites you! Grinder hits you.
You writhe in agony.
Grinder zaps a wand.
The puff of flame hits you. The worm bites you but does no damage.
Grinder zaps a wand.
The puff of flame hits you.
You can move again.
Grinder zaps a wand.
The puff of flame hits you!
You barely miss Grinder. You headbutt Grinder!
Grinder is moderately wounded.
Grinder hits you.
You hit Grinder. You headbutt Grinder.
Grinder is heavily wounded.
Grinder hits you.
* * * LOW HITPOINT WARNING * * *
Grinder says, "Just stop there for a second..."
Grinder zaps a wand.
The puff of flame hits you.
* * * LOW HITPOINT WARNING * * *
It was a potion of degeneration.
There was something very wrong with that liquid.
You feel weakened.
You feel dopey.
You feel clumsy.
Grinder zaps a wand.
The puff of flame hits you.
* * * LOW HITPOINT WARNING * * *
It was a potion of brilliance.
You feel clever all of a sudden. Grinder gestures at you.
You barely resist. You closely miss Grinder. Your headbutt misses Grinder.
Grinder is heavily wounded.
Grinder hits you!
You die...

####.#### #.#
#.#### #....#
####.# #.#
#.#
#####.#######
#..@5w.......
#.####.#...#.
#. ....... #.
....... #.
....[.. #.
....... #.
#.#.### #.
.###


You could see Grinder and a worm.

Vanquished Creatures
  2 adders
  2 worms (D:2)
  3 dart slugs (D:2)
  6 endoplasms
  A giant cockroach (D:1)
  8 hobgoblins
  4 jackals (D:1)
  2 quokkas (D:1)
  4 ball pythons
  5 bats
  4 frilled lizards
  5 goblins
  4 kobolds
  2 rats
52 creatures vanquished.

Notes
Turn   | Place    | Note
-------+----------+-------------------------------------------
     0 | D:1      | Peloso the Minotaur Fighter began the quest for the Orb.
     0 | D:1      | Reached XP level 1. HP: 19/19 MP: 0/0
   250 | D:1      | Reached XP level 2. HP: 27/27 MP: 1/1
   576 | D:1      | Found a faded altar of an unknown god.
   799 | D:1      | Reached XP level 3. HP: 33/33 MP: 2/2
  1384 | D:2      | Reached XP level 4. HP: 40/40 MP: 3/3
  1419 | D:2      | Identified the +8 dagger "Mihoizir" {vorpal, rPois Str+4
                  | SInv}
  1782 | D:3      | Noticed Grinder
  1808 | D:3      | Paralysed by Grinder for 4 turns
  1816 | D:3      | HP: 1/40 [Grinder/puff of flame (4)]
  1818 | D:3      | Slain by Grinder

Illustrated notes

Levels and vault maps discovered:
D:1:      amcnicky_arrival_flooded_fountain, layout_rooms,
          nicolae_ecumenical_lake_church
D:2:      layout_rooms, minmay_misc_feat_enclosed
D:3:      layout_loops_cross, evilmike_ruin_ashenzari, uniq_grinder

Skill      XL: |  1  2  3  4 |
---------------+-------------+-----
Shields        | 4 |  4.3
Armour         | 4 |  4.4
Long Blades    | 3 |  3.7
Fighting       | 4 |  4.1
Dodging        | |  0.7

Action                   |  1- 3 |  4- 6 || total
-------------------------+-------+-------++-------
Melee: Long sword        |    80 |    16 ||    96
       Headbutt          |    16 |     4 ||    20
  Use: Potion            |     2 |     2 ||     4
       Scroll            |     3 |     1 ||     4
Armor: Scale mail        |    36 |     7 ||    43
Dodge: Dodged            |    37 |     9 ||    46
Block: Buckler           |    22 |     6 ||    28
